 Dungeon Crawl Stone Soup version 0.25.1-2-g60ff931df9 (webtiles) character file.

Game seed: 4750190956915722279

690 Descartes the Insei (level 7, 0/36 HPs)
             Began as a Vine Stalker Transmuter on Aug 8, 2020.
             Was an Initiate of Vehumet.
             Slain by Prince Ribbit (9 damage)
             ... on level 5 of the Dungeon.
             The game lasted 00:14:55 (5367 turns).

Descartes the Insei (Vine Stalker Transmuter)       Turns: 5367, Time: 00:14:55

Health: 0/36       AC: 12    Str: 13    XL:     7   Next: 63%
Magic:  0/14       EV: 10    Int: 14    God:    Vehumet [......]
Gold:   315        SH:  0    Dex: 15    Spells: 13/14 levels left

rFire    . . .     SeeInvis .   a - +2 short sword (venom)
rCold    . . .     Gourm    .   (no shield)
rNeg     . . .     Faith    .   w - +1 scale mail {MR+}
rPois    .         Spirit   +   (no helmet)
rElec    .         Reflect  .   e - +0 cloak
rCorr    .         Harm     .   (no gloves)
MR       ++...                  (no boots)
Stlth    ..........             p - amulet of inaccuracy (curse)
HPRegen  0.52/turn              r - +4 ring of protection
MPRegen  0.14/turn              l - ring of protection from magic

@: no status effects
A: fangs 2, regeneration 1, magic shield, antimagic bite, no potion heal 3, rot
immunity
a: Renounce Religion


You were on level 5 of the Dungeon.
You worshipped Vehumet.
Vehumet was noncommittal.
You were not hungry.

You visited 2 branches of the dungeon, and saw 6 of its levels.
You also visited: Sewer.

You collected 315 gold pieces.

Inventory:

Hand Weapons
 a - a +2 short sword of venom (weapon)
 b - a +4 hunting sling
Missiles
 h - 28 poisoned darts (quivered)
 i - 113 stones
 m - 78 arrows
 z - 48 sling bullets
Armour
 e - a +0 cloak (worn)
 g - a +0 ring mail
 w - a +1 scale mail of magic resistance (worn)
 x - a +1 scale mail of cold resistance
 A - a +1 robe
Jewellery
 j - an uncursed ring of positive energy
 l - a ring of protection from magic (right hand)
 p - a cursed amulet of inaccuracy (around neck)
 r - a +4 ring of protection (left hand)
 v - an uncursed ring of see invisible
Wands
 u - a wand of iceblast (9)
 F - a wand of flame (15)
Scrolls
 c - 6 scrolls of teleportation
 y - a scroll of identify
 D - a scroll of enchant weapon
 E - 3 scrolls of immolation
Potions
 f - 2 potions of lignification
 k - a potion of curing
 n - a potion of might
 o - a potion of stabbing
 q - a potion of invisibility
 s - a potion of mutation {unknown}
 t - a potion of heal wounds {unknown}
 B - 4 potions of flight
 C - a potion of magic {unknown}
Comestibles
 d - 8 rations
 G - a chunk of flesh


   Skills:
 - Level 3.0 Fighting
 + Level 3.1 Dodging
 + Level 4.6 Unarmed Combat
 + Level 4.0 Spellcasting
 + Level 3.7 Transmutations
 + Level 2.3 Evocations


You had 13 spell levels left.
You knew the following spells:

 Your Spells              Type           Power        Failure   Level  Hunger
a - Beastly Appendage     Tmut           ##....       21%         1    None

Your spell library contained the following spells:

 Spells                   Type           Power        Failure   Level  Hunger
 Sticks to Snakes         Tmut           ##......     30%         2    ##.....
 Spider Form              Tmut/Pois      #.........   80%         3    ###....
 Ice Form                 Ice/Tmut       #.......     99%         4    ####...
 Blade Hands              Tmut           ##........   99%         5    ######.


Dungeon Overview and Level Annotations

Branches:
Dungeon (5/15)             Temple (1/1) D:4           Sewer (visited)

Altars:
Ashenzari
Dithmenos
Gozag
Hepliaklqana
Kikubaaqudgha
Makhleb
Nemelex Xobeh
Okawaru
Ru
Sif Muna
Trog
Uskayaw
Vehumet
Wu Jian
Yredelemnul
The Shining One

Shops:
D:4 :

Annotations:
D:5 Prince Ribbit


Innate Abilities, Weirdness & Mutations

You have extremely sharp teeth.
Your natural rate of healing is unusually fast.
When hurt, damage is shared between your health and your magic reserves.
Your bite disrupts and absorbs the magic of your enemies.
Potions cannot restore your health.
You are immune to rotting.


Message History

The ogre is almost dead.
The ogre hits you with a cursed -2 giant club!
* * * LOW HITPOINT WARNING * * *
You hit the ogre but do no damage.
The ogre looks even sicker.
The ogre is almost dead.
You hit the ogre but do no damage.
The ogre looks as sick as possible!
Your bite misses the ogre.
The ogre is almost dead.
You kill the ogre!
Vehumet accepts your kill.
Training target 3.0 for Fighting reached!
Your Fighting skill increases to level 3!
Your Spellcasting skill increases to level 4!
Prince Ribbit blinks!
The worker ant barely misses you.
You barely miss Prince Ribbit. Your bite misses Prince Ribbit.
Prince Ribbit closely misses you. The worker ant bites you.
* * * LOW HITPOINT WARNING * * *
Prince Ribbit barely misses you.
You miss Prince Ribbit. Prince Ribbit hits you!
You die...

.... ...... ...
...... .. ......
.#.... ###..#
##.(.########
#sc#((.......
#a##.....F...
###@##.........
###.F.##......c..
###...####.........
###...###
#......... ##.>.###
#......... #..###
.......... #.##
######.#####
#..........#


You could see Prince Ribbit, a centaur, a worker ant and a giant cockroach.

Vanquished Creatures
  2 ogres
  4 orc priests
  A hound (D:4)
  An iguana (D:4)
  4 worker ants
  A merfolk siren (Sewer)
  A merfolk avatar (Sewer)
  8 adders
  2 river rats (Sewer)
  An adder skeleton (D:3)
  3 worms
  3 dart slugs
  6 orcs
  11 ball pythons
  9 bats
  8 giant cockroaches
  8 goblins
  9 hobgoblins
  4 kobolds
  A quokka (D:2)
  6 frilled lizards
  28 rats
121 creatures vanquished.

Notes
Turn   | Place    | Note
-------+----------+-------------------------------------------
     0 | D:1      | Descartes the Vine Stalker Transmuter began the quest for
                  | the Orb.
     0 | D:1      | Reached XP level 1. HP: 9/9 MP: 4/4
   242 | D:1      | Reached skill level 1 in Fighting
   295 | D:1      | Reached XP level 2. HP: 10/14 MP: 3/6
  1327 | D:1      | Reached XP level 3. HP: 16/18 MP: 5/7
  2015 | D:2      | Gained mutation: Your natural rate of healing is unusually
                  | fast. [Vine Stalker growth]
  2015 | D:2      | Reached XP level 4. HP: 21/22 MP: 9/9
  2019 | D:2      | Found an ornate altar of the Wu Jian Council.
  2652 | D:2      | Reached XP level 5. HP: 6/26 MP: 2/10
  3293 | D:3      | Reached skill level 1 in Evocations
  3386 | D:4      | Reached XP level 6. HP: 26/30 MP: 9/11
  3405 | D:4      | Found a glowing drain.
  3442 | D:4      | Found Siuh's Book Shop.
  3460 | Sewer    | Entered a sewer
  4310 | D:4      | Found a staircase to the Ecumenical Temple.
  4386 | D:4      | Found a shattered altar of Ashenzari.
  4425 | D:4      | Found an ancient bone altar of Kikubaaqudgha.
  4427 | D:4      | Found a burning altar of Makhleb.
  4640 | D:4      | Reached XP level 7. HP: 17/35 MP: 5/13
  4825 | D:4      | Noticed a +0 dagger
  4826 | D:4      | Noticed a +0 hand axe
  4856 | D:4      | Found a hide-covered altar of Uskayaw.
  5033 | D:4      | Found a shimmering blue altar of Sif Muna.
  5033 | D:4      | Found a sparkling altar of Nemelex Xobeh.
  5134 | Temple   | Entered the Ecumenical Temple
  5248 | Temple   | Became a worshipper of Vehumet
  5317 | D:5      | Entered Level 5 of the Dungeon
  5351 | D:5      | Noticed Prince Ribbit
  5367 | D:5      | Slain by Prince Ribbit

Illustrated notes

Levels and vault maps discovered:
D:1:      dpeg_arrival_simpleton_b, layout_basic, interstate_on_off,
          minmay_misc_feat_rugged
D:2:      layout_basic, old_standard_altar, minmay_tall_x
D:3:      layout_loops_corners
D:4:      cheibrodos_pilgrimage, layout_basic, gammafunk_temple_overflow_wave,
          dancing_weapons_uskayaw, evilmike_ruin_ashenzari,
          chequers_temple_overflow_statue_of_worship,
          minmay_temple_entry_gardened_gates, serial_shops, nicolae_shop_trees,
          cheibrodos_sewer_entry_drain, minmay_misc_feat_alley
D:5:      layout_rooms, first_ration, uniq_eustachio, uniq_prince_ribbit1
Temple:   kb_temple_of_zot

Skill      XL: |  1  2  3  4  5  6  7 |
---------------+----------------------+-----
Fighting       | 1 2 3 |  3.0
Dodging        | 2 3 |  3.1
Spellcasting   | 3 4 |  4.0
Evocations     | 1 2 |  2.3
Transmutations | 3 |  3.7
Unarmed Combat | 4 |  4.6

Action                   |  1- 3 |  4- 6 |  7- 9 || total
-------------------------+-------+-------+-------++-------
Melee: Unarmed           |    63 |       |       ||    63
       Bite              |    20 |    56 |     7 ||    83
       Punch             |     3 |     2 |       ||     5
       Short sword       |    45 |   262 |    39 ||   346
 Fire: Hunting sling     |       |    22 |       ||    22
  Use: Scroll            |     4 |     7 |       ||    11
  Eat: Chunk             |     3 |     8 |     4 ||    15
Armor: Robe              |     4 |       |       ||     4
       Ring mail         |    36 |    19 |       ||    55
       Scale mail        |       |   102 |    11 ||   113
Dodge: Dodged            |    65 |   156 |    18 ||   239
